 Dungeon Crawl Stone Soup version 0.31.0-32-g396128a36d (webtiles) character file.

Game seed: 1701528463847271692

132061 yey the Slayer (level 17, -4/219 HPs)
             Began as an Oni Fighter on Apr 18, 2024.
             Was a High Priest of Ru.
             Slain by the Royal Jelly (13 damage)
             ... on level 5 of the Pits of Slime.
             The game lasted 01:14:45 (24955 turns).

yey the Slayer (Oni Fighter)                       Turns: 24955, Time: 01:14:45

Health: -4/219     AC:  1    Str: 37    XL:     17   Next: 11%
Magic:  3/17       EV:  8    Int:  9    God:    Ru [*****.]
Gold:   389        SH: 10    Dex: 10    Spells: 16/16 levels left

rFire   . . .        I - +4 war axe (elec)
rCold   + + .        V - -1 kite shield "Lazxicwu" {rElec Str+3 Int+2}
rNeg    + . .        Q - +2 robe {rC+ rF+}
rPois   .            t - +2 hat
rElec   +            u - +2 cloak
rCorr   +            (gloves unavailable)
SInv    +            (boots unavailable)
Will    +....        k - amulet "Pyenga" {rN+ Regen+ SInv} Stlth
                     E - ring of resist corrosion
HPRegen 1.36/turn    O - +6 ring of strength
MPRegen 0.15/turn

%: no passive effects
@: corroded
A: large, unfitting armour, horns 1, dopey 1, tough skin 1, no stealth, hated by
all, inability to train dodging, no conjurations magic, no earth magic, no
alchemy magic, double potion healing, drunken brawling, see invisible, cold
resistance 1, deformed body, heat vulnerability 1
a: Renounce Religion, Draw Out Power, Power Leap, Apocalypse


You were on level 5 of the Pits of Slime.
You worshipped Ru.
Ru was extremely pleased with you.
You visited 5 branches of the dungeon, and saw 28 of its levels.
You also visited: Bailey and Ice Cave.

You collected 3387 gold pieces.
You spent 2998 gold pieces at shops.

Inventory:

Hand Weapons
 a - a +1 hand axe of flaming
 I - a +4 war axe of electrocution (weapon)
 X - a +2 spectral war axe
Missiles
 f - 202 stones (quivered)
 o - 37 poisoned darts
 A - a curare-tipped dart
 B - 7 javelins
 F - 20 boomerangs
 G - a throwing net
 T - 22 large rocks
 U - 3 atropa-tipped darts
Armour
 b - a +1 robe of positive energy
 c - a +1 kite shield
 i - a scarf of resistance
 t - a +2 hat (worn)
 u - a +2 cloak (worn)
 z - the +2 robe of Duweismo {Harm rElec}
   (You found it on level 7 of the Dungeon)

   rElec:     It insulates you from electricity.
   Harm:      It increases damage dealt and taken.
 Q - a +2 robe of resistance (worn)
 V - the -1 kite shield "Lazxicwu" (worn) {rElec Str+3 Int+2}
   (You bought it in a shop on level 10 of the Dungeon)

   Str+3:     It affects your strength (+3).
   Int+2:     It affects your intelligence (+2).
   rElec:     It insulates you from electricity.
Jewellery
 g - a ring of protection from cold
 k - the amulet "Pyenga" (around neck) {rN+ Regen+ SInv}
   (You acquired it on level 3 of the Dungeon)

   [amulet of regeneration]

   rN+:       It protects you from negative energy.
   SInv:      It lets you see invisible.
   Regen+:    It increases your rate of health regeneration.
 v - a ring of see invisible
 E - a ring of resist corrosion (left hand)
 O - a +6 ring of strength (right hand)
 Y - a +4 ring of protection
Wands
 h - a wand of mindburst (10)
 q - a wand of light (22)
 C - a wand of roots (7)
 D - a wand of polymorph (5)
 L - a wand of flame (41)
 P - a wand of paralysis (10)
Scrolls
 e - 2 scrolls of fog
 j - a scroll of silence
 l - 10 scrolls of teleportation
 p - a scroll of fear
 w - 6 scrolls of identify
 x - a scroll of poison
 y - a scroll of immolation
 H - 6 scrolls of revelation
 R - 3 scrolls of enchant armour
 S - 4 scrolls of vulnerability
Potions
 d - 3 potions of might
 m - a potion of heal wounds
 n - 4 potions of curing
 r - a potion of berserk rage
 s - 5 potions of attraction
 J - 2 potions of magic
 K - 6 potions of invisibility
 M - 3 potions of enlightenment
 N - 5 potions of haste
 W - 5 potions of ambrosia
 Z - a potion of lignification


   Skills:
 + Level 25.4 Fighting
 - Level 18.9 Axes
 - Level 12.0 Shields


You had 16 spell levels left.
You didn't know any spells.
Your spell library contained the following spells:

 Spells                   Type           Power      Damage    Failure   Level
 Freeze                   Ice            0%         1d3       50%         1
 Slow                     Hex            0%         N/A       50%         1
 Blink                    Tloc           0%         N/A       63%         2
 Ensorcelled Hibernation  Hex/Ice        0%         N/A       63%         2
 Sublimation of Blood     Necr           0%         N/A       63%         2
 Confusing Touch          Hex            0%         N/A       86%         3
 Frozen Ramparts          Ice            0%         1d1       86%         3
 Inner Flame              Hex/Fire       0%         N/A       86%         3
 Sigil of Binding         Hex            0%         N/A       86%         3
 Swiftness                Air            0%         N/A       86%         3
 Vampiric Draining        Necr           0%         2d6       86%         3
 Airstrike                Air            0%         2d(0-16)  99%         4
 Anguish                  Hex/Necr       0%         N/A       99%         4
 Cause Fear               Hex            0%         N/A       99%         4
 Enfeeble                 Hex            0%         N/A       100%        7
 Ozocubu's Refrigeration  Ice            0%         4d7       100%        7
 Polar Vortex             Ice            0%         N/A       100%        9
 Magic Dart               Conj           Unusable   1d3       N/A         1
 Shock                    Conj/Air       Unusable   1d3       N/A         1
 Call Imp                 Summ           Unusable   N/A       N/A         2
 Hailstorm                Conj/Ice       Unusable   3d5       N/A         3
 Passwall                 Erth           Unusable   N/A       N/A         3
 Animate Armour           Summ/Erth      Unusable   N/A       N/A         4
 Flame Wave               Conj/Fire      Unusable   2d4       N/A         4
 Sticky Flame             Fire/Alch      Unusable   2d4       N/A         4
 Summon Lightning Spire   Summ/Air       Unusable   N/A       N/A         4
 Lee's Rapid Deconstruct  Erth           Unusable   3d4*      N/A         5
 Sculpt Simulacrum        Ice/Alch       Unusable   N/A       N/A         6
 Summon Hydra             Summ           Unusable   N/A       N/A         7

Dungeon Overview and Level Annotations

Branches:
Dungeon (15/15)            Temple (0/1) D:6            Lair (5/5) D:9
  Swamp (0/4) Lair:3        Snake (0/4) Lair:2        Slime (5/5) Lair:5
    Orc (2/2) D:12            Elf (0/3) Orc:2        Vaults (0/5) D:13
 Depths (1/4) D:15         Bailey (visited)           IceCv (visited)

Altars:
Cheibriados
Elyvilon
Gozag
Nemelex Xobeh
Okawaru
Ru
Sif Muna
Trog
Xom

Shops:
D:6 :   D:9 !=!   D:10 *   D:15 ?   Orc:2 :*[!

Annotations:
Slime:5 Royal Jelly


Innate Abilities, Weirdness & Mutations

You are too large for most types of armour.
You have a pair of small horns on your head.
You are dopey. (Int -2)
You have tough skin. (AC +1)
You cannot be stealthy.
You are hated by all.
You cannot train Dodging skill.
You cannot study or cast Conjurations magic.
You cannot study or cast Earth magic.
You cannot study or cast Alchemy magic.
You gain doubled healing and magic from potions.
Whenever you drink a healing potion, you attack all around you.
You have supernaturally acute eyesight. (SInv)
Your flesh is cold resistant. (rC+)
Armour fits poorly on your strangely shaped body.
You are vulnerable to heat. (rF-)


Message History

Unknown command.
You closely miss the quicksilver ooze. You headbutt the quicksilver ooze!
The quicksilver ooze is almost dead.
The quicksilver ooze hits you. The quicksilver ooze engulfs you!
You block the quicksilver ooze's attack.
You redirect the quicksilver ooze's attack!
The quicksilver ooze barely misses itself.
The quicksilver ooze misses itself.
You catch the helpless quicksilver ooze completely off-guard!
You slice the quicksilver ooze!!
Lightning courses through the quicksilver ooze!
You kill the quicksilver ooze!
The ooze engulfing you falls away.
You gasp with relief as air once again reaches your lungs.
Unknown command.
The eye of devastation begins to attack, but is stunned by your conviction!
You redirect the eye of devastation's attack!
The eye of devastation gazes at itself.
The bolt of devastation hits the eye of devastation!
The eye of devastation's willpower is stripped away!
The Royal Jelly attacks as it pursues you!
The Royal Jelly is stunned by your conviction and fails to attack.
The Royal Jelly attacks as it pursues you!
The Royal Jelly hits you!!!
You are splashed with acid.
You resist. The Royal Jelly hits you! The acid corrodes you!
You are splashed with acid.
You resist. The Royal Jelly hits you!!
* * * LOW HITPOINT WARNING * * *
The acid corrodes you!
You are splashed with acid.
You resist.
* * * LOW HITPOINT WARNING * * *
The Royal Jelly hits you!!
* * * LOW HITPOINT WARNING * * *
You are splashed with acid.
You resist.
* * * LOW HITPOINT WARNING * * *
The Royal Jelly hits you.
* * * LOW HITPOINT WARNING * * *
You are splashed with acid.
You resist.
* * * LOW HITPOINT WARNING * * *
The Royal Jelly hits you!
You die...

##......................#[!?#
#.....................##$:?#
###....................#)$?#
##...................#####
##..................#...#
#....................#.#.
#.....................#..
##.......J...............
#.......@................
###........................
#..........................
##.........................
#..........................
##....<....................
##...........#.#..........
#...........####.........
#..........## ##........


You could see the Royal Jelly.

Vanquished Creatures
  4 acid blobs
  A frost giant (IceCv)
  An azure jelly (Slime:3)
  A rockslime (Slime:1)
  5 quicksilver oozes
  A caustic shrike skeleton (Depths:1)
  A very ugly thing (D:15)
  The ghost of bigmatt the Cleaver, a journeyman MiBe of Trog (Lair:5)
  A dire elephant (D:15)
  2 ettins (Orc:2)
  2 great orbs of eyes
  An entropy weaver (shapeshifter) (D:14)
  2 ice dragons
  An ogre mage (D:15)
  7 hydras
  A merfolk avatar (Lair:5)
  A spriggan skeleton (Depths:1)
  8 vault guards
  9 two-headed ogres
  A catoblepas (D:13)
  A death knight (D:15)
  9 death yaks
  5 boulder beetles
  3 tengu warriors
  A dancing weapon (D:9)
  2 occultists
  5 orc high priests (Orc:2)
  The ghost of PullMyFinger the Fighter, a novice OpSh of Gozag (D:9)
  2 spriggan berserkers (D:15)
  Sonja (Lair:3)
  4 skysharks
  3 skeletal warriors
  72 slime creatures
  10 orc knights
  A lindwurm (Lair:5)
  A golden dragon skeleton (Depths:1)
  A phantasmal warrior (D:15)
  2 deep elf pyromancers
  A necromancer (Depths:1)
  5 cyclopes
  A salamander (D:15)
  A wolf spider (D:15)
  A frost giant zombie (Depths:1)
  6 ugly things
  3 manticores
  A torpor snail (Lair:5)
  A stone giant skeleton (Depths:1)
  10 elephants
  4 black mambas
  2 gargoyles (D:12)
  An ice statue (IceCv)
  18 cane toads
  2 rime drakes (Lair:5)
  3 kobold demonologists
  An unseen horror (D:10)
  3 freezing wraiths (D:15)
  9 komodo dragons
  7 trolls
  Grinder (D:4)
  A queen bee (Lair:1)
  A wind drake (Lair:5)
  14 polar bears
  A blink frog (shapeshifter) (D:15)
  2 snapping turtles (Lair:5)
  6 dream sheep (Lair:5)
  16 blink frogs
  8 wyverns
  2 wraiths (D:11)
  A shadow (D:10)
  4 golden eyes (Slime:5)
  7 basilisks
  52 yaks
  A warg (Orc:1)
  10 vampire mosquitoes
  4 steam dragons
  2 nagas (Lair:2)
  13 water moccasins
  3 acid dragons
  48 orc warriors
  A sky beast (D:8)
  2 black bears
  2 ice beasts
  35 wolves
  4 ogres
  5 centaurs
  A phantom (D:5)
  Blork the orc (D:4)
  10 bullfrogs
  A gnoll sergeant (D:13)
  4 scorpions
  25 killer bees
  2 howler monkeys (D:7)
  11 electric eels
  3 jellies
  28 orc priests
  3 bombardier beetles
  2 gnoll boudas
  5 hounds
  Crazy Yiuf (D:4)
  3 sleepcaps
  3 iguanas
  17 orc wizards
  18 gnolls
  8 adders
  2 shadow imps (D:6)
  2 white imps
  6 ufetubi
  A dart slug (D:4)
  A ribbon worm (D:2)
  114 orcs
  8 endoplasms
  2 giant cockroaches
  19 goblins
  17 hobgoblins
  3 jackals (D:2)
  8 kobolds
  A quokka (D:1)
  7 ball pythons
  9 bats
  3 frilled lizards
  A rat (D:1)
  A spectral orc (D:6)
852 creatures vanquished.

Vanquished Creatures (others)
  A slime creature (Slime:3)
  2 wolves
  An orc wizard (D:7)
4 creatures vanquished.

Grand Total: 856 creatures vanquished

Notes
Turn   | Place    | Note
-------+----------+-------------------------------------------
     0 | D:1      | yey the Oni Fighter began the quest for the Orb.
     0 | D:1      | Reached XP level 1. HP: 24/24 MP: 1/1
    54 | D:1      | Reached XP level 2. HP: 24/33 MP: 2/2
   272 | D:1      | Reached XP level 3. HP: 41/41 MP: 3/3
   642 | D:2      | Reached skill level 5 in Fighting
   863 | D:2      | Reached XP level 4. HP: 50/50 MP: 4/4
  1395 | D:3      | Identified a scroll of acquirement
  1395 | D:3      | Acquired the amulet "Pyenga" {rN+ Regen+ SInv}
  1657 | D:3      | Found a sacrificial altar of Ru.
  1904 | D:3      | Became a worshipper of Ru the Awakened
  2056 | D:4      | Noticed Blork the orc
  2066 | D:4      | Killed Blork the orc
  2067 | D:4      | Reached skill level 6 in Fighting
  2067 | D:4      | Reached XP level 5. HP: 50/59 MP: 5/5
  2193 | D:4      | Noticed Grinder
  2207 | D:4      | Paralysed by Grinder for 4 turns
  2217 | D:4      | Killed Grinder
  2218 | D:4      | Reached skill level 7 in Fighting
  2218 | D:4      | Reached skill level 5 in Axes
  2218 | D:4      | Reached XP level 6. HP: 53/71 MP: 6/6
  2335 | D:4      | Reached XP level 7. HP: 78/79 MP: 7/7
  2349 | D:4      | Reached skill level 8 in Fighting
  2532 | D:4      | Found a runed translucent door.
  2533 | D:4      | Noticed Crazy Yiuf
  2845 | D:4      | Killed Crazy Yiuf
  2890 | D:5      | Entered Level 5 of the Dungeon
  3082 | D:5      | Reached skill level 9 in Fighting
  3082 | D:5      | Reached XP level 8. HP: 49/92 MP: 8/8
  3095 | D:5      | Gained mutation: You cannot train Dodging skill. [Ru
                  | sacrifice]
  3095 | D:5      | Reached * piety under Ru
  3465 | D:5      | Found a blossoming altar of Fedhas.
  3512 | D:5      | Reached skill level 10 in Fighting
  4084 | D:6      | Found a staircase to the Ecumenical Temple.
  4193 | D:6      | Reached skill level 11 in Fighting
  4193 | D:6      | Reached XP level 9. HP: 97/105 MP: 9/9
  4266 | D:6      | Found a hazy altar of Hepliaklqana.
  4581 | D:6      | Found Egil's Book Boutique.
  4892 | D:7      | Gained mutation: You cannot study or cast Earth magic. [Ru
                  | sacrifice]
  4892 | D:7      | Gained mutation: You cannot study or cast Alchemy magic.
                  | [Ru sacrifice]
  4892 | D:7      | Gained mutation: You cannot study or cast Conjurations
                  | magic. [Ru sacrifice]
  4892 | D:7      | Reached ** piety under Ru
  4918 | D:7      | Reached skill level 12 in Fighting
  4928 | D:7      | Found a flagged portal.
  4945 | D:7      | Identified the +2 robe of Duweismo {Harm rElec}
  5008 | Bailey   | Entered a bailey
  5332 | Bailey   | Reached skill level 13 in Fighting
  5380 | Bailey   | Noticed a kobold demonologist
  5384 | Bailey   | Noticed a hellwing
  5388 | Bailey   | Noticed a kobold demonologist
  5390 | Bailey   | Noticed a hellwing
  5392 | Bailey   | Killed a kobold demonologist
  5393 | Bailey   | Reached skill level 10 in Axes
  5393 | Bailey   | Reached XP level 10. HP: 80/119 MP: 10/10
  5393 | Bailey   | Noticed a soul eater
  5399 | Bailey   | Killed a kobold demonologist
  5402 | Bailey   | Found an iron altar of Okawaru.
  5412 | Bailey   | Identified the +3 hand axe of the Little People {speed, rC-
                  | rN+++ Int+8 Dex-5}
  5732 | Bailey   | Reached skill level 14 in Fighting
  6166 | D:7      | Found a bloodstained altar of Trog.
  6421 | D:8      | Found a snail-covered altar of Cheibriados.
  6469 | D:8      | Found a shimmering altar of Xom.
  6469 | D:8      | Found a white marble altar of Elyvilon.
  6481 | D:8      | Noticed a two-headed ogre
  6489 | D:8      | Killed a two-headed ogre
  6611 | D:8      | Gained mutation: You are dopey. (Int -2) [Ru sacrifice]
  6894 | D:8      | Reached skill level 15 in Fighting
  7096 | D:9      | Reached XP level 11. HP: 113/132 MP: 11/11
  7259 | D:9      | Found a staircase to the Lair.
  7285 | D:9      | Found Ozuin's Jewellery Shop.
  7285 | D:9      | Found Fateasuf's Distillery.
  7289 | D:9      | Found Foel's Distillery.
  7289 | D:9      | Found Fewnyafi's Magic Scroll Emporium.
  7297 | D:9      | Bought a potion of mutation for 96 gold pieces
  7297 | D:9      | Bought a potion of mutation for 96 gold pieces
  7297 | D:9      | Bought a potion of mutation for 96 gold pieces
  7325 | D:9      | Bought a scroll of revelation for 112 gold pieces
  7325 | D:9      | Bought a scroll of identify for 30 gold pieces
  7329 | D:9      | Bought a potion of invisibility for 88 gold pieces
  7333 | D:9      | Bought a scroll of teleportation for 45 gold pieces
  7333 | D:9      | Bought a scroll of teleportation for 45 gold pieces
  7627 | D:9      | Found a runed translucent door.
  7628 | D:9      | Found a shimmering altar of Xom.
  7628 | D:9      | Noticed a +0 war axe of chaos
  7628 | D:9      | Noticed PullMyFinger's ghost (novice OpSh)
  7712 | D:10     | Entered Level 10 of the Dungeon
  7748 | D:10     | Gained mutation: You have supernaturally acute eyesight.
                  | (SInv) [potion of mutation]
  7748 | D:10     | Gained mutation: You are frail. (-10% HP) [potion of
                  | mutation]
  7748 | D:10     | Gained mutation: You are covered in fur. (AC +1) [potion of
                  | mutation]
  7748 | D:10     | Gained mutation: You have sharp toenails. [potion of
                  | mutation]
  7749 | D:10     | Lost mutation: You have supernaturally acute eyesight.
                  | (SInv) [potion of mutation]
  7749 | D:10     | Lost mutation: You are frail. (-10% HP) [potion of
                  | mutation]
  7749 | D:10     | Gained mutation: You occasionally shout uncontrollably at
                  | your foes. [potion of mutation]
  7749 | D:10     | Gained mutation: Your health recovers twice as slowly from
                  | being drained. [potion of mutation]
  7749 | D:10     | Gained mutation: You have very sharp teeth. [potion of
                  | mutation]
  7750 | D:10     | Lost mutation: You have very sharp teeth. [potion of
                  | mutation]
  7750 | D:10     | Lost mutation: You are covered in fur. (AC +1) [potion of
                  | mutation]
  7750 | D:10     | Lost mutation: You occasionally shout uncontrollably at
                  | your foes. [potion of mutation]
  7750 | D:10     | Gained mutation: Armour fits poorly on your strangely
                  | shaped body. [potion of mutation]
  7750 | D:10     | Gained mutation: You are partially covered in iridescent
                  | scales. (AC +2) [potion of mutation]
  7751 | D:10     | Lost mutation: Your health recovers twice as slowly from
                  | being drained. [potion of mutation]
  7751 | D:10     | Lost mutation: You have sharp toenails. [potion of
                  | mutation]
  7751 | D:10     | Gained mutation: You are strong-willed. (Will+) [potion of
                  | mutation]
  7751 | D:10     | Gained mutation: You are vulnerable to heat. (rF-) [potion
                  | of mutation]
  7751 | D:10     | Gained mutation: Your flesh is cold resistant. (rC+)
                  | [potion of mutation]
  7845 | D:10     | Noticed a deep elf pyromancer
  7851 | D:10     | Killed a deep elf pyromancer
  7852 | D:10     | Reached skill level 16 in Fighting
  7959 | D:10     | Found Citaom's Assorted Antiques.
  8262 | D:10     | Found an iron altar of Okawaru.
  8263 | D:10     | Found a shimmering blue altar of Sif Muna.
  8473 | D:11     | Noticed a two-headed ogre
  8478 | D:11     | Killed a two-headed ogre
  8567 | D:11     | Found a frozen archway.
  8568 | D:11     | Noticed an ice dragon
  8604 | D:11     | Killed an ice dragon
  8614 | D:11     | Reached skill level 17 in Fighting
  8661 | IceCv    | Entered an ice cave
  8756 | IceCv    | Noticed a death yak
  8756 | IceCv    | Noticed a death yak
  8763 | IceCv    | Killed a death yak
  8764 | IceCv    | Reached XP level 12. HP: 130/148 MP: 12/12
  8771 | IceCv    | Killed a death yak
  8779 | IceCv    | Identified the staff "Riodet" {rPois rC+ Alchemy}
  8813 | IceCv    | Gained mutation: You are hated by all. [Ru sacrifice]
  8813 | IceCv    | Reached *** piety under Ru
  8813 | IceCv    | Reached **** piety under Ru
  8843 | IceCv    | Reached skill level 18 in Fighting
  8919 | IceCv    | Identified the maw talisman of Plasticity {Will+ MP-9
                  | Str+6}
  8986 | IceCv    | Noticed a death yak
  8996 | IceCv    | Killed a death yak
  9067 | IceCv    | Noticed a death yak
  9067 | IceCv    | Noticed a frost giant
  9067 | IceCv    | Noticed a death yak
  9068 | IceCv    | Noticed a death yak
  9076 | IceCv    | Killed a death yak
  9081 | IceCv    | Killed a death yak
  9082 | IceCv    | Reached skill level 19 in Fighting
  9087 | IceCv    | Killed a frost giant
  9088 | IceCv    | Reached skill level 15 in Axes
  9094 | IceCv    | Killed a death yak
  9095 | IceCv    | Reached XP level 13. HP: 31/163 MP: 13/13
 10145 | D:12     | Reached skill level 20 in Fighting
 10210 | D:12     | Found a staircase to the Orcish Mines.
 10346 | D:10     | Bought a scorched kite shield for 294 gold pieces
 10346 | D:10     | Identified the -1 kite shield "Lazxicwu" {rElec Str+3
                  | Int+2} (You bought it in a shop on level 10 of the Dungeon)
 10450 | D:12     | Found an opulent altar of Gozag.
 10795 | D:13     | Found a gate to the Vaults.
 10795 | D:13     | Noticed a vault guard
 10795 | D:13     | Noticed a vault guard
 10795 | D:13     | Noticed a vault guard
 10795 | D:13     | Noticed a vault guard
 10795 | D:13     | Noticed a vault guard
 10808 | D:13     | Noticed a vault guard
 10815 | D:13     | Noticed a vault guard
 10816 | D:13     | Killed a vault guard
 10861 | D:12     | Killed a vault guard
 11004 | D:13     | Killed a vault guard
 11054 | D:13     | Noticed a vault guard
 11064 | D:13     | Killed a vault guard
 11133 | D:13     | Killed a vault guard
 11134 | D:13     | Reached skill level 21 in Fighting
 11241 | D:13     | Killed a vault guard
 11288 | D:13     | Killed a vault guard
 11334 | D:13     | Killed a vault guard
 11620 | D:13     | Reached XP level 14. HP: 174/179 MP: 14/14
 12486 | D:15     | Entered Level 15 of the Dungeon
 12849 | D:15     | Reached skill level 22 in Fighting
 13280 | D:15     | Found a white marble altar of Elyvilon.
 13289 | D:15     | Found Qux Rikk's Magic Scroll Boutique.
 13357 | D:15     | Bought a scroll of brand weapon for 190 gold pieces
 13357 | D:15     | Bought a scroll of blinking for 150 gold pieces
 13357 | D:15     | Bought a scroll of teleportation for 60 gold pieces
 13420 | D:15     | Identified the +9 sling "Eviscerator" {drain, rElec rC++
                  | Int-2 Stlth+}
 13560 | D:15     | Found a staircase to the Depths.
 13560 | D:15     | Noticed a dire elephant
 13560 | D:15     | Noticed a cyan very ugly thing
 13572 | D:15     | Killed a cyan very ugly thing
 13580 | D:15     | Killed a dire elephant
 13723 | Depths:1 | Entered Level 1 of the Depths
 13922 | Depths:1 | Reached skill level 23 in Fighting
 14102 | D:15     | Bought a scroll of identify for 40 gold pieces
 14169 | Orc:1    | Entered Level 1 of the Orcish Mines
 14175 | Orc:1    | Reached XP level 15. HP: 187/190 MP: 15/15
 14578 | Orc:2    | Entered Level 2 of the Orcish Mines
 14929 | Orc:2    | Found a staircase to the Elven Halls.
 15106 | Orc:2    | HP: 2/190 [orc knight/bolt (18)]
 16195 | D:9      | Bought a potion of heal wounds for 55 gold pieces
 16195 | D:9      | Bought 2 potions of heal wounds for 110 gold pieces
 16195 | D:9      | Bought a potion of curing for 33 gold pieces
 16195 | D:9      | Bought a potion of curing for 33 gold pieces
 16195 | D:9      | Bought a potion of haste for 110 gold pieces
 16195 | D:9      | Bought 2 potions of haste for 220 gold pieces
 16200 | D:9      | Bought a scroll of teleportation for 45 gold pieces
 16200 | D:9      | Bought a scroll of teleportation for 45 gold pieces
 16225 | D:9      | Bought a potion of heal wounds for 60 gold pieces
 16225 | D:9      | Bought a potion of might for 48 gold pieces
 16225 | D:9      | Bought a potion of berserk rage for 60 gold pieces
 16489 | Orc:2    | Found Tahat's Book Shop.
 16489 | Orc:2    | Found Xauwatio's Distillery.
 16490 | Orc:2    | Found Edetac's Assorted Antiques.
 16490 | Orc:2    | Found Ymul's Armour Shop.
 16500 | Orc:2    | Bought a +0 hat for 60 gold pieces
 16564 | Orc:2    | Acquired 474 gold pieces
 16620 | Orc:2    | Bought a potion of heal wounds for 65 gold pieces
 16620 | Orc:2    | Bought a potion of might for 52 gold pieces
 16623 | Orc:2    | Bought a potion of curing for 60 gold pieces
 16623 | Orc:2    | Bought a potion of curing for 60 gold pieces
 16623 | Orc:2    | Bought a potion of invisibility for 160 gold pieces
 16761 | Lair:1   | Entered Level 1 of the Lair of Beasts
 16802 | Lair:1   | Reached skill level 24 in Fighting
 17469 | Orc:2    | Bought a scroll labelled HUPIHI JOUSEONA for 20 gold pieces
 17700 | D:15     | Bought a scroll of enchant armour for 150 gold pieces
 17700 | D:15     | Bought a scroll of teleportation for 60 gold pieces
 17935 | Lair:1   | Reached skill level 5 in Shields
 18313 | Lair:2   | Found a sparkling altar of Nemelex Xobeh.
 18833 | Lair:2   | Found a staircase to the Snake Pit.
 19110 | Lair:3   | Identified the +1 pair of gloves of the Watchman {rF++ rC+}
 19136 | Lair:3   | Noticed Sonja
 19139 | Lair:3   | Killed Sonja
 19538 | D:15     | Bought a scroll of enchant weapon for 150 gold pieces
 19712 | Lair:3   | Found a staircase to the Swamp.
 19968 | Lair:3   | Identified the +5 sling "Agunem" {drain, +Blink Str-5
                  | Dex+4}
 20439 | Lair:4   | Reached XP level 16. HP: 141/206 MP: 16/16
 20861 | Lair:5   | Entered Level 5 of the Lair of Beasts
 20883 | Lair:5   | Found a large runed translucent door.
 20883 | Lair:5   | Found a large runed translucent door.
 20950 | Lair:5   | Found a staircase to the Slime Pits.
 21213 | Lair:5   | Reached skill level 10 in Shields
 21253 | Lair:5   | Noticed bigmatt's ghost (journeyman MiBe)
 21427 | Lair:5   | Lost mutation: You are strong-willed. (Will+) [potion of
                  | mutation]
 21427 | Lair:5   | Lost mutation: You are partially covered in iridescent
                  | scales. (AC +2) [potion of mutation]
 21427 | Lair:5   | Gained mutation: You have supernaturally acute eyesight.
                  | (SInv) [potion of mutation]
 22085 | Lair:5   | Killed bigmatt's ghost
 22271 | D:9      | Killed PullMyFinger's ghost
 22440 | Slime:1  | Entered Level 1 of the Pits of Slime
 22440 | Slime:1  | Noticed an acid blob
 22875 | Slime:1  | Noticed a rockslime
 22985 | Slime:1  | Killed a rockslime
 23054 | Slime:1  | Killed an acid blob
 23305 | Slime:2  | Noticed an acid blob
 23312 | Slime:2  | Killed an acid blob
 23433 | Slime:1  | Noticed an acid blob
 23561 | Slime:2  | Killed an acid blob
 23909 | Slime:4  | Noticed an azure jelly
 23925 | Slime:3  | Killed an azure jelly
 24092 | Slime:3  | Reached skill level 25 in Fighting
 24096 | Slime:3  | Gained mutation: You cannot be stealthy. [Ru sacrifice]
 24096 | Slime:3  | Reached ***** piety under Ru
 24156 | Slime:3  | Reached XP level 17. HP: 194/219 MP: 17/17
 24518 | Slime:5  | Entered Level 5 of the Pits of Slime
 24520 | Slime:5  | Noticed an acid blob
 24557 | Slime:4  | Killed an acid blob
 24683 | Slime:5  | Noticed an acid blob
 24698 | Slime:5  | Noticed an acid blob
 24698 | Slime:5  | Noticed an acid blob
 24941 | Slime:5  | Noticed the Royal Jelly
 24955 | Slime:5  | HP: 9/219 [acid (3)]
 24955 | Slime:5  | Slain by the Royal Jelly

Illustrated notes

Levels and vault maps discovered:
D:1:      minmay_arrival_checkered_box, layout_basic, minmay_misc_feat_columns
D:2:      layout_basic, hex_medium
D:3:      layout_loops_ring, nicolae_ru_the_path_less_chosen
D:4:      layout_loops_ring, kennysheep_generic_room_15, uniq_blork_the_orc,
          uniq_grinder, uniq_crazy_yiuf_cottage
D:5:      layout_loops_corners, mainiacjoe_overflow_24_doors, st_stairs_9,
          hangedman_decor_riveting, minmay_circle_x
D:6:      layout_loops_corners, nicolae_hepliaklqana_monster_ancestors,
          minmay_temple_entry_nine_rooms, serial_shops,
          nicolae_shop_just_a_little_nook
D:7:      layout_rooms, trog_hazing_becter, enter_bailey_2
D:8:      corexii_shack_village, layout_gridville,
          chequers_temple_overflow_statue_of_worship, special_room
          [special_room_orc]
D:9:      layout_basic, erik_lair_island, ebering_ghost_xom,
          nicolae_wooded_promenade
D:10:     layout_loops_ring, gammafunk_temple_overflow_pools, serial_shops, shop
D:11:     layout_roguey, portal_ice_cave_entry_animals_and_master
D:12:     layout_basic, orc_0_dummy,
          nicolae_gozag_cash_rules_everything_around_me
D:13:     layout_rooms, erik_vaults_2, minmay_fountain_box,
          hangedman_decor_clover_reticule, minmay_librarian
D:14:     layout_basic, infiniplex_staircase_pool_2, patterned_corridor
D:15:     hangedman_depths_entry_try_elsewhere_first, layout_basic,
          elyvilon_altar_1, serial_shops, shop_scrolls
Lair:1:   layout_roguey, special_room [special_room_bee]
Lair:2:   layout_loops_ring, guppyfry_snake_entry_garden, basic_altar,
          grunt_megastairs_5
Lair:3:   layout_cave_pods, minmay_swamp_entry_eels, uniq_sonja
Lair:4:   layout_big_grid, cheibrodos_lair_caveside_slide, roderic_batcave
Lair:5:   gammafunk_lair_ancient_temple, layout_gridlike, slime_entry_1,
          ebering_ghost_disaster_area, pdpol_lair_cavern_descent
Slime:1:  layout_caves
Slime:2:  layout_caves
Slime:3:  layout_caves
Slime:4:  layout_caves
Slime:5:  slime_pit_nicolae_amoeboid
Orc:1:    layout_caves
Orc:2:    st_orc_pillars, layout_diamond_mine, abandoned_shop
Depths:1: layout_basic, enter_ziggurat_a, hellmouth_2,
          kilobyte_mutagenic_chamber, minmay_shop_star

Skill      XL: |  1  2  3  4  5  6  7  8  9 10 11 12 13 14 15 16 |
---------------+-------------------------------------------------+-----
Fighting       | 5 6 7 9 11 13 15 17 19 21 23 24 25 | 25.4
Axes           | 3 4 5 6 8 10 11 13 15 16 18 | 18.9
Dodging        | 0 |  0.0
Shields        | 8 12 | 12.0

Action                     |  1- 3 |  4- 6 |  7- 9 | 10-12 | 13-15 | 16-18 || total
---------------------------+-------+-------+-------+-------+-------+-------++-------
  Melee: War axe           |    65 |    80 |   278 |   315 |   895 |   385 ||  2018
         Headbutt          |     8 |    13 |    62 |    81 |   236 |   122 ||   522
         Broad axe         |       |       |    19 |   114 |       |       ||   133
         Hand axe          |       |       |       |       |    19 |    19 ||    38
  Throw: Dart              |       |     2 |       |       |     1 |     3 ||     6
         Large rock        |       |       |       |       |     1 |       ||     1
 Invoke: Sacrifice Nimblen |       |       |     1 |       |       |       ||     1
         Sacrifice Arcana  |       |       |     1 |       |       |       ||     1
         Sacrifice Purity  |       |       |       |     1 |       |       ||     1
         Sacrifice Love    |       |       |       |     1 |       |       ||     1
         Reject Sacrifices |       |       |       |       |     2 |       ||     2
         Power Leap        |       |       |       |       |    14 |     2 ||    16
         Draw Out Power    |       |       |       |       |     4 |       ||     4
         Sacrifice Stealth |       |       |       |       |       |     1 ||     1
  Evoke: Wand              |       |       |     1 |       |       |       ||     1
    Use: Scroll            |       |     2 |    12 |     7 |    21 |     3 ||    45
         Potion            |       |       |     2 |     9 |    13 |     5 ||    29
   Stab: Invisible         |       |       |     1 |     1 |    15 |     3 ||    20
         Paralysed         |       |       |       |       |     9 |       ||     9
         Distracted        |       |       |       |       |     4 |     4 ||     8
         Petrified         |       |       |       |       |       |     1 ||     1
 Armour: Robe              |    53 |    51 |   300 |   361 |   744 |   464 ||  1973
  Dodge: Dodged            |    35 |    29 |   116 |   129 |   268 |   113 ||   690
  Block: Kite shield       |    27 |    33 |   139 |   179 |   261 |   159 ||   798
